 Dungeon Crawl Stone Soup version 0.30-a0-778-g2ef04afb54 (webtiles) character file.

Game seed: 1667422432988154687

12794 DEFE the Myrmidon (level 11, -1/78 (82) HPs)
             Began as a Demonspawn Wanderer on Feb 16, 2023.
             Was an Elder of Okawaru.
             Slain by a death scarab (21 damage)
             ... in a Gauntlet.
             The game lasted 00:10:35 (10593 turns).

DEFE the Myrmidon (Demonspawn Wanderer)            Turns: 10593, Time: 00:10:36

HP:   -1/78 (82)    AC: 22    Str: 20    XL:     11   Next: 67%
MP:   15/21         EV: 15    Int: 10    God:    Okawaru [****..]
Gold: 255           SH:  4    Dex: 15    Spells: 10/10 levels left

rFire   . . .      SeeInvis .    X - +1 morningstar (protect)
rCold   . . .      Faith    +    (no shield)
rNeg    . . .      Spirit   .    K - +0 swamp dragon scales
rPois   +          Reflect  .    (helmet restricted)
rElec   .          Harm     .    B - +2 cloak
rCorr   +          Rampage  .    N - +0 pair of gloves
Will    +....      NoTele   +    T - +2 pair of boots
Stlth   ++                       f - amulet of the Albatross {Faith Regen+ Str+2}
HPRegen 1.13/turn                n - ring of resist corrosion
MPRegen 0.17/turn                y - ring of willpower

@: heroic, finesse-ful, slowed, lightly drained, very slow
A: horns 2, thin metallic scales 2, spiny 1, condensation shield
a: Renounce Religion, Heroism, Finesse


You were in a Gauntlet.
You worshipped Okawaru.
Okawaru was greatly pleased with you.
You visited 3 branches of the dungeon, and saw 14 of its levels.
You visited 1 bazaar.
You also visited: Gauntlet.

You collected 767 gold pieces.
You spent 512 gold pieces at shops.

Inventory:

Hand Weapons
 a - a +0 dagger
 u - a +0 flail
 G - a +1 heavy flail
 R - the +6 great mace "Doppomum" {drain, Str+3}
   (You found it on level 8 of the Dungeon)

   Str:       It affects your strength (+3).
 U - a +1 flail of protection
 X - a +1 morningstar of protection (weapon)
Missiles
 F - a throwing net (quivered)
Armour
 e - a +2 leather armour
 k - a +0 ring mail
 l - a +0 helmet
 q - a +2 ring mail of poison resistance
 B - a +2 cloak (worn)
 K - +0 swamp dragon scales (worn)
 N - a +0 pair of gloves (worn)
 P - +0 steam dragon scales
 T - a +2 pair of boots (worn)
Jewellery
 f - the amulet of the Albatross (around neck) {Faith Regen+ Str+2}
   (You bought it in a shop in a bazaar)

   [amulet of faith]

   It allows you to gain divine favour quickly.
   Str:       It affects your strength (+2).
   Regen:     It increases your rate of health regeneration.
 n - a ring of resist corrosion (left hand)
 y - a ring of willpower (right hand)
Wands
 v - a wand of polymorph (10)
 I - a wand of quicksilver (20)
 W - a wand of flame (14)
Scrolls
 b - 6 scrolls of teleportation
 d - 2 scrolls of blinking
 g - 3 scrolls of summoning
 m - a scroll of immolation
 r - 3 scrolls of poison {unknown}
 A - a scroll of amnesia {unknown}
 D - 2 scrolls of enchant weapon {unknown}
 E - 3 scrolls of vulnerability {unknown}
 H - a scroll of acquirement {unknown}
 L - 2 scrolls of noise
 M - 3 scrolls of enchant armour
 V - a scroll of silence
Potions
 c - 3 potions of lignification
 h - 4 potions of mutation
 j - 2 potions of might {unknown}
 o - 2 potions of heal wounds {unknown}
 p - 7 potions of curing
 s - 4 potions of flight {unknown}
 t - a potion of magic {unknown}
 w - 2 potions of invisibility {unknown}
 x - a potion of cancellation {unknown}
 z - 2 potions of degeneration {unknown}
 C - 2 potions of attraction {unknown}
 J - a potion of resistance {unknown}
 O - a potion of brilliance {unknown}
 Q - 2 potions of haste {unknown}
 S - 2 potions of ambrosia {unknown}


   Skills:
 - Level 6.3(11.3) Fighting
 + Level 10.9(15.9) Maces & Flails
 + Level 7.9(12.9) Armour
 - Level 4.5(9.5) Dodging
 - Level 14.0 Invocations


You had 10 spell levels left.
You didn't know any spells.
Your spell library contained the following spells:

 Spells                   Type           Power      Damage    Failure   Level
 Magic Dart               Conj           0%         1d3       50%         1
 Lesser Beckoning         Tloc           0%         N/A       63%         2
 Gell's Gravitas          Tloc           0%         N/A       86%         3
 Mephitic Cloud           Conj/Pois/Air  0%         N/A       86%         3
 Teleport Other           Tloc           0%         N/A       86%         3
 Call Imp                 Summ           Unusable   N/A       N/A         2

Dungeon Overview and Level Annotations

Branches:
Dungeon (12/15)            Temple (1/1) D:4            Lair (1/5) D:10
    Orc (0/2) D:10        Gauntlet (1/1)

Altars:
Ashenzari
Cheibriados
Dithmenos
Fedhas
Gozag
Hepliaklqana
Kikubaaqudgha
Makhleb
Nemelex Xobeh
Okawaru
Qazlal
Ru
Sif Muna
Trog
Uskayaw
Vehumet
Wu Jian
Xom
Yredelemnul

Shops:
D:9 [   D:10 [   D:11 [

Annotations:
D:5 2 runed translucent doors, fly's ghost, weakling DgDe Gauntlet 11 transporters, 2 runed translucent doors


Innate Abilities, Weirdness & Mutations

You have a pair of horns on your head.
You are mostly covered in thin metallic scales. (AC +3)
You are partially covered in sharp spines.
A meltable shield of frost defends you. (SH +4)


Message History

The spectral seven-headed hydra bites you but does no damage.
The spectral seven-headed hydra bites you.
The spectral seven-headed hydra bites you but does no damage.
You block the spectral seven-headed hydra's attack.
The spectral boulder beetle barely misses you.
You take 20 damage, and have 58/80 hp.
MASSIVE DAMAGE!!
The spectral seven-headed hydra attacks as you move away!
You block the spectral seven-headed hydra's attack.
The spectral seven-headed hydra completely misses you.
The spectral seven-headed hydra bites you but does no damage. x2
The spectral seven-headed hydra misses you.
The spectral seven-headed hydra bites you but does no damage.
The spectral seven-headed hydra bites you!
You feel drained.
The death scarab is struck by your spines.
The death scarab bites you!! The death scarab drains your vigour!
You feel as though you will be slow longer.
The death scarab draws strength from your injuries!
The death scarab bites you but does no damage.
There is a transporter landing site, spattered with blood here.
You take 32 damage, and have 26/78 hp.
MASSIVE DAMAGE!!
Okay, then.
You can now deal lightning-fast blows.
You can no longer enter into single combat with a foe.
Okawaru will no longer gift you equipment.
The death scarab closely misses you.
The death scarab bites you but does no damage.
You now have 15/21 mp.
You barely miss the death scarab. The death scarab bites you!
* * * LOW HITPOINT WARNING * * *
The death scarab drains your vigour!
You feel as though you will be slow longer.
The death scarab draws strength from your injuries!
You take 15 damage, and have 12/78 hp.
Unknown command.
Unknown command.
It was a potion of curing.
You feel better. The death scarab bites you!!
You die...

##≈#≈#≈#≈#§#§#≈#..........
#§.................∩..8..∩
##.8.....8.....8......©...
#§.......©.......#########
##...#########...#Y.......
#≈...#.......#...#Y..###..
##§..#..#.B..#...#....#...
#≈...#.###B..#...#.#..#©.#
##§8.#..#@#..#.8.#.#######
#≈...#...###.#...#.#..#..#
##...#....#..#...#....#...
#≈...#.=[©.!.#...#...#.#..
##...#########...#..[.©?"Y
#≈.....#.©.#.....#########
##.8...#.8.#...8....#.©.#.
##......#.©.#........#...#.
#≈...###########.....#.©.#.


You could see 2 death scarabs.

Vanquished Creatures
  Nergalle (D:11)
  A black mamba (shapeshifter) (D:11)
  2 unseen horrors
  A gargoyle (D:12)
  A komodo dragon (D:12)
  Maggie (D:6)
  Psyche (D:11)
  4 trolls
  Grinder (D:5)
  A shadow (D:11)
  A wyvern (D:11)
  13 yaks (D:10)
  7 vampire mosquitoes
  A steam dragon (D:8)
  Menkaure (D:6)
  Edmund (D:4)
  2 acid dragons (D:9)
  4 water moccasins
  4 orc warriors (D:10)
  An ice beast (D:5)
  2 black bears
  A sky beast (D:7)
  6 ogres
  3 centaurs
  A phantom (D:6)
  2 kobold brigands
  9 bullfrogs
  A gnoll sergeant (D:8)
  A necrophage (D:6)
  4 scorpions
  5 wights (D:9)
  19 killer bees
  5 howler monkeys
  A jelly (D:5)
  8 hounds
  10 orc priests
  A gnoll bouda (D:4)
  4 iguanas
  11 orc wizards
  7 gnolls
  9 adders
  A white imp (D:8)
  A worm (D:4)
  2 dart slugs
  64 orcs
  7 endoplasms
  3 giant cockroaches
  16 goblins
  6 hobgoblins
  3 jackals (D:3)
  22 kobolds
  4 quokkas
  6 ball pythons
  3 bats
  2 frilled lizards
  6 rats
305 creatures vanquished.

Vanquished Creatures (others)
  An orc (D:9)
  2 jackals (D:4)
  21 fungi (D:10)
  18 plants (D:10)
42 creatures vanquished.

Grand Total: 347 creatures vanquished

Notes
Turn   | Place    | Note
-------+----------+-------------------------------------------
     0 | D:1      | DEFE the Demonspawn Wanderer began the quest for the Orb.
     0 | D:1      | DEFE set off with the following items: a +0 dagger, a
                  | scroll of teleportation, a potion of lignification, a
                  | scroll of blinking, a +2 leather armour.
     0 | D:1      | Reached XP level 1. HP: 19/19 MP: 1/1
   207 | D:1      | Gained mutation: You are partially covered in thin metallic
                  | scales. (AC +2) [demonic ancestry]
   207 | D:1      | Reached XP level 2. HP: 15/26 MP: 2/2
   352 | D:1      | Found a faded altar of an unknown god.
  1209 | D:2      | Reached skill level 5 in Fighting
  1218 | D:2      | Gained mutation: You have a pair of small horns on your
                  | head. [demonic ancestry]
  1218 | D:2      | Reached XP level 3. HP: 30/33 MP: 3/3
  2232 | D:3      | Gained mutation: You are partially covered in sharp spines.
                  | [demonic ancestry]
  2232 | D:3      | Reached XP level 4. HP: 40/40 MP: 4/4
  2833 | D:3      | Found a basalt altar of Yredelemnul.
  2835 | D:3      | Noticed a profane servitor
  2841 | D:3      | Noticed an angel
  2877 | D:4      | Gained mutation: You have a pair of horns on your head.
                  | [demonic ancestry]
  2877 | D:4      | Reached XP level 5. HP: 47/47 MP: 5/5
  2884 | D:4      | Identified the +1 robe of Terror {rElec rN+}
  3127 | D:4      | Reached XP level 6. HP: 43/53 MP: 6/6
  3548 | D:4      | Found a staircase to the Ecumenical Temple.
  3557 | Temple   | Entered the Ecumenical Temple
  3649 | Temple   | Became a worshipper of Warmaster Okawaru
  3907 | D:5      | Entered Level 5 of the Dungeon
  3907 | D:5      | Noticed Edmund
  3915 | D:4      | Killed Edmund
  3916 | D:4      | Reached skill level 2 in Invocations
  3916 | D:4      | Gained mutation: A meltable shield of frost defends you.
                  | (SH +4) [demonic ancestry]
  3916 | D:4      | Reached XP level 7. HP: 36/59 MP: 6/8
  4094 | D:5      | Reached skill level 3 in Invocations
  4154 | D:5      | Reached skill level 5 in Maces & Flails
  4154 | D:5      | Reached skill level 4 in Invocations
  4271 | D:5      | Found a large runed translucent door.
  4272 | D:5      | Found a large runed translucent door.
  4275 | D:5      | Noticed fly's ghost (weakling DgDe)
  4459 | D:5      | Noticed Grinder
  4468 | D:5      | Killed Grinder
  4468 | D:5      | Reached * piety under Okawaru
  4469 | D:5      | Reached skill level 5 in Invocations
  4469 | D:5      | Gained mutation: You are mostly covered in thin metallic
                  | scales. (AC +3) [demonic ancestry]
  4469 | D:5      | Reached XP level 8. HP: 37/65 MP: 10/12
  4625 | D:5      | Reached skill level 6 in Invocations
  4782 | D:6      | Noticed Menkaure
  4787 | D:6      | Killed Menkaure
  4791 | D:6      | Reached ** piety under Okawaru
  4793 | D:6      | Reached skill level 7 in Invocations
  4839 | D:6      | Noticed Maggie
  4854 | D:6      | Killed Maggie
  4855 | D:6      | Reached skill level 8 in Invocations
  4903 | D:6      | Reached XP level 9. HP: 46/70 MP: 15/15
  5049 | D:6      | Found a broken altar of Ashenzari.
  5103 | D:6      | Reached skill level 9 in Invocations
  5186 | D:6      | Found a burning altar of Makhleb.
  5453 | D:7      | Identified the +0 robe of Entitlement {Int+4}
  5888 | D:7      | Reached *** piety under Okawaru
  6156 | D:8      | Found a shimmering altar of Xom.
  6267 | D:8      | Reached skill level 10 in Invocations
  6358 | D:8      | Identified the +6 great mace "Doppomum" {drain, Str+3}
  6836 | D:9      | Reached **** piety under Okawaru
  7008 | D:9      | Found Jisal's Antique Armour Boutique.
  7049 | D:9      | Reached XP level 10. HP: 72/77 MP: 18/18
  7225 | D:9      | Reached skill level 11 in Invocations
  7519 | D:10     | Entered Level 10 of the Dungeon
  7564 | D:10     | Reached skill level 5 in Armour
  7749 | D:10     | Found a staircase to the Lair.
  7772 | D:10     | Reached skill level 12 in Invocations
  7823 | D:10     | Reached ***** piety under Okawaru
  8123 | D:10     | Reached skill level 10 in Maces & Flails
  8123 | D:10     | Reached XP level 11. HP: 54/82 MP: 18/20
  8241 | D:10     | Found a staircase to the Orcish Mines.
  8541 | D:10     | Found Dofriebb's Armour Emporium.
  8738 | D:10     | Reached skill level 13 in Invocations
  9097 | D:11     | Noticed Nergalle
  9110 | D:11     | Killed Nergalle
  9411 | D:11     | Identified the +0 ring mail of the Barracuda {rPois rC+
                  | Will+ rCorr} (Okawaru gifted it to you on level 11 of the
                  | Dungeon)
  9411 | D:11     | Received a gift from Okawaru
  9604 | D:11     | Noticed Psyche
  9609 | D:11     | Killed Psyche
  9645 | D:11     | Found Umuy's Antique Armour Boutique.
  9986 | D:12     | Found a flickering gateway to a bazaar.
 10064 | D:12     | Reached skill level 14 in Invocations
 10084 | Bazaar   | Entered a bazaar
 10116 | Bazaar   | Found Memyczu's Jewellery Emporium.
 10132 | Bazaar   | Found Plog's Book Shoppe.
 10132 | Bazaar   | Found Fylorit's Armour Emporium.
 10222 | Bazaar   | Bought the amulet of the Albatross {Faith Regen+ Str+2} for
                  | 512 gold pieces
 10354 | Lair:1   | Entered Level 1 of the Lair of Beasts
 10371 | Lair:1   | Found a gate leading to a gauntlet.
 10378 | Gauntlet | Entered a Gauntlet
 10378 | Gauntlet | Found a transporter.
 10384 | Gauntlet | Noticed a wretched star
 10385 | Gauntlet | Found a runed translucent door.
 10387 | Gauntlet | Found a transporter.
 10389 | Gauntlet | Found a runed translucent door.
 10403 | Gauntlet | Found a transporter.
 10407 | Gauntlet | Found a transporter.
 10427 | Gauntlet | Found a transporter.
 10427 | Gauntlet | Noticed a ghost crab
 10440 | Gauntlet | Found a transporter.
 10443 | Gauntlet | Noticed a wretched star
 10445 | Gauntlet | Found a transporter.
 10449 | Gauntlet | Found a transporter.
 10452 | Gauntlet | Noticed a dire elephant
 10469 | Gauntlet | Found a transporter.
 10471 | Gauntlet | Noticed a harpy
 10493 | Gauntlet | a harpy changed into a golden eye
 10494 | Gauntlet | Found a transporter.
 10496 | Gauntlet | Found a transporter.
 10498 | Gauntlet | Noticed a death scarab
 10501 | Gauntlet | Noticed a death scarab
 10504 | Gauntlet | Found a transporter.
 10593 | Gauntlet | Slain by a death scarab

Illustrated notes

Levels and vault maps discovered:
D:1:      beargit_arrival_greenhouse, layout_basic,
          ebering_ecumenical_altar_petrified, amcnicky_mini_corridor_feature
D:2:      layout_loops_ring, serial_co_window_serial, co_window_paths_b,
          co_window_of_opportunity_a, co_window_paths_a, co_window_cross_1,
          co_window_paths_a, co_window_paths_b, co_window_broadway_a,
          co_window_broadway_c, co_window_of_opportunity_b, co_window_paths_c,
          co_window_cross_4, co_window_broadway_b, co_window_of_opportunity_b,
          co_window_4corner_b, co_window_paths_e, glass_columns_b,
          glass_columns_b, glass_columns_b, glass_columns_b, basic_altar
D:3:      layout_loops_ring, grunt_temple_overflow_holy_war,
          kennysheep_generic_room_6
D:4:      corexii_shantytown, layout_rooms, lemuel_temple_firewalk_a
D:5:      layout_loops_cross, ebering_ghost_disaster_area,
          chequers_serial_rivers_micro_b, uniq_grinder, uniq_edmund
D:6:      layout_cave_pools, zin_academy, cheibrodos_ashenzari_chains,
          makhleb_heckhound_becter, uniq_maggie, uniq_menkaure
D:7:      layout_cave_pools
D:8:      layout_basic, mainiacjoe_overflow_brackets
D:9:      layout_roguey, serial_shops, kennysheep_little_box
D:10:     layout_roguey [special_room_orc], due_lair_maze_entry_diamond,
          david_orc_3, special_room [special_room_orc], serial_shops,
          kennysheep_mini_moat, grunt_ministairs_13
D:11:     layout_small_grid, serial_shops, shop, uniq_nergalle, uniq_psyche
D:12:     layout_irregular_city, serial_shops, bzr_entry_dummy, enter_trove_0,
          nicolae_concentric_dashed_squares_wild, uniq_fannar, uniq_erolcha
Temple:   minmay_temple_bridge_d
Lair:1:   layout_roguey, gauntlet_entry_generic, ebering_ghost_reflecting_pool
Gauntlet: minmay_gauntlet_mixed_oops_all_seconds
          [minmay_gauntlet_arena_77_double_cross,
          nicolae_gauntlet_arena_t_cross, minmay_gauntlet_arena_77_shame_cube,
          gammafunk_gauntlet_arena_spirals, minmay_gauntlet_arena_77_mess,
          gammafunk_gauntlet_arena_crates, gauntlet_exit_hidden_loot]

Skill      XL: |  1  2  3  4  5  6  7  8  9 10 11 |
---------------+----------------------------------+-----
Fighting       | 5 6 |  6.3
Maces & Flails | 3 4 5 7 8 10 | 10.9
Invocations    | 2 5 8 10 12 14 | 14.0
Armour         | 4 6 7 |  7.9
Dodging        | |  4.5

Action                     |  1- 3 |  4- 6 |  7- 9 | 10-12 || total
---------------------------+-------+-------+-------+-------++-------
  Melee: Dagger            |   163 |    42 |       |       ||   205
         Punch             |     2 |     1 |     3 |     6 ||    12
         Headbutt          |     9 |    23 |    23 |    57 ||   112
         Flail             |       |    74 |   165 |   280 ||   519
         Morningstar       |       |       |       |    34 ||    34
  Throw: Throwing net      |       |     1 |       |     1 ||     2
 Invoke: Heroism           |       |       |       |    11 ||    11
         Finesse           |       |       |       |     1 ||     1
  Evoke: Wand              |       |     3 |     6 |       ||     9
    Use: Scroll            |       |       |       |     8 ||     8
         Potion            |       |       |       |     1 ||     1
 Armour: Leather armour    |    40 |       |       |       ||    40
         Ring mail         |    14 |    37 |    41 |       ||    92
         Swamp dragon scal |       |       |    90 |   186 ||   276
  Dodge: Dodged            |   103 |    71 |   143 |   209 ||   526
  Block: Other             |       |       |    33 |    67 ||   100

Table legend: (Time is in decaauts)
 A = Elapsed time spent in this place.
 B = Non-inter-level travel time spent in this place.
 C = Inter-level travel time spent in this place.
 D = Time resting spent in this place.
 E = Time spent auto-exploring this place.
 F = Levels seen in this place.
 G = Mean time per level.
                   A        B        C        D        E       F      G
               +--------+--------+--------+--------+--------+-----+--------+
         Total |  10751 |  10287 |    464 |    789 |   7382 |  16 |  671.9 |
       Dungeon |  10166 |   9798 |    368 |    789 |   7096 |  12 |  847.2 |
        Temple |    161 |     65 |     96 |      0 |     60 |   1 |  161.0 |
          Lair |     23 |     23 |      0 |      0 |      0 |   1 |   23.0 |
        Bazaar |    183 |    183 |      0 |      0 |     89 |   1 |  183.0 |
      Gauntlet |    215 |    215 |      0 |      0 |    137 |   1 |  215.0 |
               +--------+--------+--------+--------+--------+-----+--------+

Top non-repeatable levels by time:
    D:10: 1616 daAuts
     D:2: 1231 daAuts
     D:4: 938 daAuts
     D:1: 917 daAuts
    D:11: 882 daAuts
     D:9: 791 daAuts
     D:5: 762 daAuts
     D:3: 760 daAuts
     D:8: 749 daAuts
     D:6: 737 daAuts
     D:7: 589 daAuts
Gauntlet: 215 daAuts
    D:12: 190 daAuts
  Bazaar: 183 daAuts
  Temple: 161 daAuts
